 Dungeon Crawl Stone Soup version 0.23-a0-577-g2b1de94 (webtiles) character file.

171640 Knaves the Severer (level 17, -11/160 HPs)
             Began as a Minotaur Berserker on Dec 9, 2018.
             Was a High Priest of Trog.
             Killed from afar by a shock serpent (13 damage)
             ... with a bolt of electricity
             ... on level 4 of the Snake Pit on Dec 14, 2018.
             The game lasted 04:48:43 (38702 turns).

Knaves the Severer (Minotaur Berserker)            Turns: 38702, Time: 04:48:43

Health: -11/160    AC: 17    Str: 29    XL:     17   Next: 39%
Magic:  0/16       EV: 23    Int:  4    God:    Trog [*****.]
Gold:   2697       SH:  7    Dex: 17    Spells: 16/16 levels left

rFire    . . .     SeeInvis +   a - +0 war axe "Xoshriar" {chop, rPois MR+ Dex-2 SInv}
rCold    . . .     Gourm    .   F - +2 buckler
rNeg     . . .     Faith    .   I - +1 ring mail of the Devil {+Inv rPois MR+ Str+3}
rPois    +         Spirit   +   f - +1 hat
rElec    .         Reflect  .   L - scarf {Spirit}
rCorr    .         Harm     .   Y - +2 pair of gloves
MR       +++++                  R - +1 pair of boots
Stlth    +.........             Q - amulet of regeneration
HPRegen  1.76/turn              H - +6 ring of dexterity
MPRegen  0.15/turn              O - ring of protection from magic

@: lethally poisoned (-11 -> -11), regenerating
A: retaliatory headbutt, horns 2
a: Berserk, Trog's Hand, Brothers in Arms, Renounce Religion, Evoke Invisibility


You were on level 4 of the Snake Pit.
You worshipped Trog.
Trog was extremely pleased with you.
You were not hungry.

You visited 5 branches of the dungeon, and saw 31 of its levels.
You also visited: Sewer.

You collected 2959 gold pieces.
You spent 262 gold pieces at shops.

Inventory:

Hand Weapons
 a - the +0 war axe "Xoshriar" (weapon) {chop, rPois MR+ Dex-2 SInv}
   (You found it on level 7 of the Dungeon)

   It inflicts extra damage upon your enemies.
   It affects your dexterity (-2).
   It protects you from poison.
   It affects your resistance to hostile enchantments.
   It lets you see invisible.
 b - a +0 whip of electrocution
 v - a +8 antimagic executioner's axe
Missiles
 m - 4 silver tomahawks
 r - 8 steel javelins
 s - 6 curare-tipped needles
 C - 8 poisoned javelins
 K - 5 javelins of penetration
 N - a throwing net
 U - 4 tomahawks (quivered)
Armour
 f - a +1 hat (worn)
 o - a scarf of resistance
 x - a +1 cloak of invisibility
 F - a +2 buckler (worn)
 I - the +1 ring mail of the Devil (worn) {+Inv rPois MR+ Str+3}
   (You found it on level 6 of the Dungeon)

   It affects your strength (+3).
   It protects you from poison.
   It affects your resistance to hostile enchantments.
   It lets you turn invisible.
 L - a scarf of spirit shield (worn)
 R - a +1 pair of boots (worn)
 Y - a +2 pair of gloves (worn)
Jewellery
 H - a +6 ring of dexterity (left hand)
 O - a ring of protection from magic (right hand)
 Q - an amulet of regeneration (around neck)
 S - an uncursed ring of stealth
 X - an uncursed ring of positive energy
Wands
 e - a wand of polymorph (7)
 q - a wand of iceblast (6)
 t - a wand of acid (26)
 y - a wand of enslavement (8)
 E - a wand of clouds (6)
 G - a wand of digging (6)
 M - a wand of disintegration (8)
 P - a wand of paralysis (39)
 T - a wand of random effects (14)
 W - a wand of flame (19)
Scrolls
 d - 2 scrolls of enchant weapon
 h - 11 scrolls of remove curse
 i - a scroll of acquirement {unknown}
 k - a scroll of magic mapping
 n - 14 scrolls of teleportation
 p - 3 scrolls of blinking
 A - 2 scrolls of identify
 J - 6 scrolls of fear
Potions
 g - 5 potions of haste
 j - 4 potions of heal wounds
 u - 4 potions of magic {unknown}
 w - a potion of agility {unknown}
 z - 5 potions of cancellation
 B - 9 potions of lignification
 D - 17 potions of curing
Miscellaneous
 l - a box of beasts
Comestibles
 c - 32 rations


   Skills:
 + Level 16.8 Fighting
 * Level 20.3(20.5) Axes
 - Level 4.1(14.3) Maces & Flails
 + Level 6.7 Throwing
 + Level 16.7 Armour
 + Level 15.5 Dodging
 - Level 4.0 Shields


You had 16 spell levels left.
You didn't know any spells.
Your spell library contained the following spells:

 Spells                   Type           Power        Failure   Level  Hunger
 Animate Skeleton         Necr           N/A          58%         1    ##.....
 Apportation              Tloc           #.....       58%         1    ##.....
 Beastly Appendage        Tmut           #.....       58%         1    ##.....
 Confusing Touch          Hex            #.....       58%         1    ##.....
 Flame Tongue             Conj/Fire      #....        58%         1    ##.....
 Magic Dart               Conj           #...         58%         1    ##.....
 Summon Small Mammal      Summ           #...         58%         1    ##.....
 Blink                    Tloc           N/A          73%         2    ###....
 Call Imp                 Summ           #.......     73%         2    ###....
 Ensorcelled Hibernation  Hex/Ice        #.....       73%         2    ###....
 Passwall                 Tmut/Erth      #.......     73%         2    ###....
 Poisonous Vapours        Pois/Air       #.....       73%         2    ###....
 Slow                     Hex            #.......     73%         2    ###....
 Sticks to Snakes         Tmut           #.......     73%         2    ###....
 Swiftness                Chrm/Air       #.......     73%         2    ###....
 Throw Flame              Conj/Fire      #.....       73%         2    ###....
 Call Canine Familiar     Summ           #.......     91%         3    ####...
 Conjure Flame            Conj/Fire      #.......     91%         3    ####...
 Inner Flame              Hex/Fire       #.......     91%         3    ####...
 Mephitic Cloud           Conj/Pois/Air  #.......     91%         3    ####...
 Spider Form              Tmut/Pois      #.........   91%         3    ####...
 Summon Guardian Golem    Hex/Summ       #.......     91%         3    ####...
 Cause Fear               Hex            #.........   100%        4    #####..
 Ice Form                 Ice/Tmut       #.......     100%        4    #####..
 Passage of Golubria      Tloc           N/A          100%        4    #####..
 Sticky Flame             Conj/Fire      #.......     100%        4    #####..
 Summon Ice Beast         Ice/Summ       #.......     100%        4    #####..
 Summon Lightning Spire   Summ/Air       #.......     100%        4    #####..
 Blade Hands              Tmut           #.........   100%        5    ######.
 Borgnjor's Vile Clutch   Necr/Erth      #.........   100%        5    ######.
 Fireball                 Conj/Fire      #.........   100%        5    ######.
 Lee's Rapid Deconstruct  Erth           #.........   100%        5    ######.
 Metabolic Englaciation   Hex/Ice        #.........   100%        5    ######.
 Silence                  Hex/Air        #.........   100%        5    ######.
 Yara's Violent Unravell  Hex/Tmut       #.........   100%        5    ######.
 Bolt of Cold             Conj/Ice       #.........   100%        6    #######
 Bolt of Fire             Conj/Fire      #.........   100%        6    #######
 Darkness                 Hex            #.........   100%        6    #######
 Deflect Missiles         Chrm/Air       #.........   100%        6    #######
 Freezing Cloud           Conj/Ice/Air   #.........   100%        6    #######
 Invisibility             Hex            #.......     100%        6    #######
 Ozocubu's Refrigeration  Ice            #.........   100%        6    #######
 Shadow Creatures         Summ           N/A          100%        6    #######
 Simulacrum               Ice/Necr       #.........   100%        6    #######
 Dragon Form              Tmut           #.........   100%        7    #######
 Ring of Flames           Chrm/Fire      #.........   100%        7    #######
 Discord                  Hex            #.........   100%        8    #######
 Dragon's Call            Summ           #.........   100%        9    #######


Dungeon Overview and Level Annotations

Branches:
Dungeon (15/15)            Temple (0/1) D:6            Lair (6/6) D:11
  Swamp (4/4) Lair:2        Snake (4/4) Lair:2        Slime (0/5) Lair:5
    Orc (2/2) D:10            Elf (0/3) Orc:2        Vaults (0/5) D:14
 Depths (0/5) D:15

Altars:
Cheibriados
Elyvilon
Fedhas
Gozag
Kikubaaqudgha
Makhleb
Nemelex Xobeh
Qazlal
Ru
Sif Muna
Uskayaw
Vehumet
Xom
Yredelemnul
Zin
Beogh

Shops:
D:5 %   D:10 *   D:12 [[%*   Orc:2 ?}[(*

Annotations:
D:12 2 transporters, goofnerd's ghost, journeyman DsBe
D:15 1 runed door
Lair:5 exclusion: 4 oklob plants
Swamp:3 1 runed door, 3 transporters, Violenta's ghost, adept GnFi


Innate Abilities, Weirdness & Mutations

You reflexively headbutt those who attack you in melee.
You have a pair of horns on your head.


Message History

You swap places.
The shock serpent shoots out a bolt of lightning at you!
The bolt of electricity hits your ogre. The bolt of electricity misses you.
The bolt of electricity hits you!
* * * LOW HITPOINT WARNING * * *
The bolt of electricity hits your ogre.
The bolt of electricity hits the shock serpent.
The shock serpent completely resists.
The bolt of electricity hits the naga sharpshooter.
Your ogre barely misses the shock serpent.
The naga sharpshooter mumbles some strange words.
The naga sharpshooter magically shoots an arrow.
The arrow hits you!!
* * * LOW HITPOINT WARNING * * *
The shock serpent shoots out a bolt of lightning at you!
The bolt of electricity hits your ogre.
Your ogre dies!
Your ogre's corpse disappears in a puff of smoke!
The bolt of electricity hits you!
You die...

#. #..# .# #.
#..#..# #. #..#..#
######. #..#..#
.......####..#..##.#
......N..N#.....##.#
###.#..##S#.....##.#
...N. #ยง##....##.#
#.#.S..
#@.....(##.######
#....
#####......#<...#
#.... #..###.####)#
S.#.. #...........#
N#.#.. #.###########
#........ #########


You could see a naga sharpshooter and a shock serpent.

Vanquished Creatures
  Agnes (D:14)
  6 thorn hunters
  3 nagarajas (Snake:3)
  Azrael (Orc:2)
  Josephine (Lair:6)
  A fire dragon (Lair:6)
  7 naga warriors
  15 hydras
  Fannar (D:12)
  3 ghost crabs
  2 shambling mangroves
  A centaur warrior (D:15)
  13 alligators
  8 two-headed ogres
  10 anacondas
  2 ogre magi (D:15)
  2 death yaks
  A vampire mage (D:15)
  An orc high priest (Orc:1)
  Urug (Orc:2)
  7 naga sharpshooters
  6 shock serpents
  4 spriggans
  3 skeletal warriors (D:14)
  A salamander mystic (Snake:2)
  Nergalle (Lair:3)
  A deep troll (D:14)
  5 swamp dragons
  2 naga ritualists
  A wizard (D:14)
  2 unseen horrors
  2 orc knights (Orc:2)
  2 lindwurms
  Pikel (D:4)
  A necromancer (D:15)
  A stone giant zombie (D:15)
  3 mana vipers
  3 ugly things (D:13)
  3 manticores
  9 elephants (Lair:6)
  2 salamanders
  4 cyclopes
  A centaur zombie (D:12)
  A fire giant skeleton (D:15)
  27 black mambas
  4 guardian serpents
  12 naga magi
  12 spiny frogs
  2 rime drakes
  A tengu conjurer (D:15)
  16 komodo dragons
  2 polar bears (D:14)
  A meliai (shapeshifter) (D:8)
  12 tyrant leeches
  A yaktaur skeleton (D:15)
  17 blink frogs
  5 hippogriffs
  12 slime creatures
  3 trolls
  Grinder (D:5)
  13 hornets
  A blink frog (shapeshifter) (D:14)
  8 bog bodies
  A meliai zombie (D:14)
  3 shadows
  4 wyverns
  50 yaks
  A wraith (D:15)
  A fire elemental (Orc:1)
  2 steam dragons
  6 hogs
  A human (D:7)
  8 basilisks
  3 hungry ghosts
  21 nagas
  9 vampire mosquitoes
  2 acid dragons
  13 swamp worms
  A tengu zombie (D:15)
  8 insubstantial wisps
  3 wargs (D:10)
  9 water moccasins
  8 porcupines
  7 hell hounds
  47 orc warriors
  8 swamp drakes
  6 ice beasts
  3 slaves (D:4)
  3 phantoms
  3 black bears
  An eye of draining (D:8)
  A necrophage (D:9)
  14 wolves
  19 ogres
  7 crocodiles
  20 centaurs
  A big kobold (D:13)
  22 bullfrogs
  A wyvern zombie (D:9)
  3 scorpions
  8 killer bees
  2 electric eels
  2 howler monkeys
  A vampire bat (Lair:3)
  5 crimson imps
  2 quasits
  5 lava snakes (Lair:6)
  17 orc priests
  5 jellies
  3 bullfrog zombies
  6 hounds
  25 orc wizards
  A bullfrog skeleton (D:8)
  4 iguanas
  13 worker ants
  A hound zombie (D:7)
  A hound skeleton (D:8)
  A worker ant zombie (D:7)
  7 gnolls
  A howler monkey skeleton (D:8)
  15 adders
  7 river rats
  An adder zombie (D:8)
  4 oozes
  An adder skeleton (D:8)
  2 worms
  3 dart slugs
  8 leopard geckos
  93 orcs
  5 ball pythons
  12 giant cockroaches
  7 goblins
  5 hobgoblins
  10 jackals
  8 kobolds
  2 quokkas
  12 bats
  9 frilled lizards
  A leopard gecko skeleton (D:8)
  A leopard gecko zombie (D:6)
  A quokka skeleton (D:5)
  22 rats
  5 briar patches (Swamp:4)
  A butterfly (Lair:5)
  3 fungi
  4 plants
968 creatures vanquished.

Vanquished Creatures (collateral kills)
  Nessos (D:14)
  2 ettins
  Snorg (D:11)
  4 hydras
  2 ghost crabs (Swamp:3)
  2 centaur warriors
  A spriggan druid (Swamp:3)
  A swamp dragon (Swamp:3)
  An orc knight (Orc:1)
  A deep elf mage (D:14)
  A manticore (D:11)
  A cyclops (D:11)
  2 ugly things
  A salamander (Snake:2)
  2 elephants (Lair:6)
  2 molten gargoyles (Lair:6)
  A spiny frog (Lair:2)
  Maurice (D:12)
  A centaur skeleton (D:14)
  2 polar bears (D:14)
  A bog body (Swamp:3)
  A hornet (Swamp:3)
  A tyrant leech (Swamp:3)
  2 dream sheep (Lair:4)
  3 blink frogs (Lair:2)
  2 hippogriffs
  A vampire (D:14)
  4 wraiths
  5 yaks
  A vampire mosquito (Swamp:3)
  A warg (D:10)
  An insubstantial wisp (Swamp:3)
  2 swamp drakes
  An ice beast (D:11)
  3 black bears (D:14)
  An ogre (D:12)
  A phantom (D:14)
  A scorpion (D:14)
  A hound (D:11)
  2 orc priests (D:11)
  A bullfrog skeleton (D:12)
  A worker ant (D:14)
  An adder (D:11)
  8 orcs
76 creatures vanquished.

Vanquished Creatures (others)
  A naga mage (Snake:3)
  A black mamba (Snake:3)
  A briar patch (Swamp:4)
  A fungus (Lair:2)
  19 plants
23 creatures vanquished.

Grand Total: 1067 creatures vanquished

Notes
Turn   | Place    | Note
-------+----------+-------------------------------------------
     0 | D:1      | Knaves the Minotaur Berserker began the quest for the Orb.
     0 | D:1      | Reached XP level 1. HP: 19/19 MP: 0/0
   176 | D:1      | Reached XP level 2. HP: 27/27 MP: 1/1
   463 | D:1      | Reached XP level 3. HP: 33/33 MP: 2/2
   640 | D:1      | Reached ** piety under Trog
  1116 | D:2      | Found a faded altar of an unknown god.
  1336 | D:2      | Found a radiant altar of Vehumet.
  1423 | D:3      | Found a blossoming altar of Fedhas.
  1463 | D:3      | Reached skill level 1 in Axes
  1463 | D:3      | Reached XP level 4. HP: 40/40 MP: 3/3
  1689 | D:3      | Reached *** piety under Trog
  1784 | D:3      | Found a glowing drain.
  1790 | D:3      | Reached skill level 2 in Axes
  1834 | Sewer    | Entered a sewer
  1911 | Sewer    | Reached XP level 5. HP: 45/47 MP: 4/4
  2777 | D:4      | Reached skill level 3 in Axes
  2900 | D:4      | Reached **** piety under Trog
  2946 | D:4      | Found a deep blue altar of Sif Muna.
  2967 | D:4      | Reached XP level 6. HP: 55/55 MP: 5/5
  3111 | D:4      | Reached skill level 5 in Fighting
  3515 | D:4      | Reached skill level 4 in Axes
  3838 | D:5      | Entered Level 5 of the Dungeon
  3861 | D:5      | Noticed Grinder
  3862 | D:5      | Noticed a slave
  3862 | D:5      | Noticed a slave
  3885 | D:4      | Killed a slave
  3958 | D:4      | Killed a slave
  4000 | D:5      | Noticed a slave
  4004 | D:5      | Noticed Pikel
  4006 | D:5      | Noticed a slave
  4012 | D:4      | Killed a slave
  4022 | D:4      | Killed Pikel
  4022 | D:4      | Reached skill level 6 in Axes
  4022 | D:4      | Reached skill level 5 in Armour
  4022 | D:4      | Reached XP level 7. HP: 63/63 MP: 6/6
  4111 | D:5      | Killed Grinder
  4111 | D:5      | Reached skill level 5 in Dodging
  4111 | D:5      | Reached XP level 8. HP: 71/71 MP: 7/7
  4190 | D:5      | Found an ancient bone altar of Kikubaaqudgha.
  4312 | D:5      | Reached skill level 7 in Axes
  4741 | D:5      | Found Yjuon's Food Boutique.
  4876 | D:6      | Found an opulent altar of Gozag.
  4879 | D:6      | Found a burning altar of Makhleb.
  4879 | D:6      | Found a sacrificial altar of Ru.
  4879 | D:6      | Found a shimmering altar of Xom.
  4893 | D:6      | Found a white marble altar of Elyvilon.
  5377 | D:6      | Found a staircase to the Ecumenical Temple.
  5474 | D:6      | Upgraded the game from 0.23-a0-550-g7de1f8e to
                  | 0.23-a0-563-g409694b
  5538 | D:6      | Got a spiked ring mail
  5549 | D:6      | Identified the +1 ring mail of the Devil {+Inv rPois MR+
                  | Str+3} (You found it on level 6 of the Dungeon)
  5626 | D:6      | Reached skill level 8 in Axes
  5907 | D:6      | Found a snail-covered altar of Cheibriados.
  6508 | D:7      | Reached XP level 9. HP: 79/79 MP: 8/8
  6654 | D:7      | Reached ***** piety under Trog
  6725 | D:7      | Got a translucent war axe
  6726 | D:7      | Identified the cursed +0 war axe "Xoshriar" {chop, rPois
                  | MR+ Dex-2 SInv} (You found it on level 7 of the Dungeon)
  6966 | D:7      | Reached skill level 9 in Axes
  7840 | D:8      | Reached skill level 10 in Axes
  7961 | D:8      | Noticed a meliai
  7966 | D:8      | Killed a meliai
  7968 | D:8      | Reached XP level 10. HP: 90/90 MP: 7/9
  8394 | D:8      | Found a hide-covered altar of Uskayaw.
  8754 | D:9      | Reached skill level 11 in Axes
  8895 | D:9      | Found a stormy altar of Qazlal.
  9033 | D:9      | Found a glowing silver altar of Zin.
  9167 | D:9      | Noticed a wizard
  9173 | D:9      | Noticed a deep elf mage
  9174 | D:9      | Noticed a cyclops
  9174 | D:9      | Noticed a gargoyle
  9675 | D:9      | Noticed a centaur warrior
  9789 | D:9      | Killed a centaur warrior
  9789 | D:9      | Reached skill level 12 in Axes
  9911 | D:10     | Entered Level 10 of the Dungeon
  9997 | D:10     | Reached XP level 11. HP: 99/99 MP: 8/10
 10006 | D:10     | Received a gift from Trog
 10241 | D:10     | Found a staircase to the Orcish Mines.
 10249 | D:10     | Reached skill level 10 in Fighting
 10341 | D:10     | Found Poluh's Assorted Antiques.
 10350 | D:10     | Bought a scroll of identify for 48 gold pieces
 10361 | D:10     | Bought a potion of heal wounds for 120 gold pieces
 11212 | D:11     | Noticed a green ugly thing
 11213 | D:11     | Reached skill level 10 in Armour
 11219 | D:11     | Killed a green ugly thing
 11229 | D:11     | Received a gift from Trog
 11274 | D:11     | Noticed a two-headed ogre
 11285 | D:11     | Killed a two-headed ogre
 11285 | D:11     | Reached skill level 13 in Axes
 11325 | D:11     | Noticed an unseen horror
 11369 | D:11     | Killed an unseen horror
 11642 | D:11     | Found a staircase to the Lair.
 11736 | D:11     | Noticed Snorg
 11741 | D:11     | Killed Snorg
 11879 | Lair:1   | Entered Level 1 of the Lair of Beasts
 11879 | Lair:1   | Found a sparkling altar of Nemelex Xobeh.
 12092 | Lair:1   | Noticed a four-headed hydra
 12099 | Lair:1   | Killed a four-headed hydra
 12189 | Lair:1   | You fall through a shaft!
 12233 | Lair:2   | Reached skill level 10 in Dodging
 12334 | Lair:2   | Reached skill level 14 in Axes
 12334 | Lair:2   | Reached XP level 12. HP: 71/110 MP: 6/11
 12408 | Lair:2   | Found a staircase to the Snake Pit.
 12682 | Lair:2   | Found a basalt altar of Yredelemnul.
 13133 | Lair:2   | Found a staircase to the Swamp.
 13460 | Lair:3   | Reached skill level 1 in Shields
 13705 | Lair:3   | Noticed Nergalle
 13718 | Lair:3   | Killed Nergalle
 14522 | Lair:4   | Noticed a death yak
 14532 | Lair:4   | Killed a death yak
 14532 | Lair:4   | Reached skill level 15 in Axes
 14586 | Lair:4   | Noticed a six-headed hydra
 14599 | Lair:4   | Killed a six-headed hydra
 14899 | Lair:4   | Noticed a seven-headed hydra
 14934 | Lair:4   | Killed a seven-headed hydra
 14934 | Lair:4   | Reached XP level 13. HP: 77/118 MP: 7/12
 15878 | Lair:5   | You fall through a shaft!
 15878 | Lair:6   | Entered Level 6 of the Lair of Beasts
 16206 | Lair:6   | Noticed Josephine
 16862 | Lair:5   | Found a staircase to the Slime Pits.
 17691 | Lair:6   | Killed Josephine
 18037 | Lair:6   | Reached XP level 14. HP: 126/130 MP: 13/13
 18103 | Lair:6   | Received a gift from Trog
 18110 | Lair:6   | Found a large runed door.
 18110 | Lair:6   | Found a large runed door.
 19107 | Orc:1    | Entered Level 1 of the Orcish Mines
 19372 | D:10     | Received a gift from Trog
 19964 | Orc:1    | Found a roughly hewn altar of Beogh.
 20342 | Orc:2    | Entered Level 2 of the Orcish Mines
 20342 | Orc:2    | Found Ofurphos's Assorted Antiques.
 20349 | Orc:1    | Reached skill level 16 in Axes
 20408 | Orc:2    | Noticed Azrael
 20469 | Orc:2    | Killed Azrael
 20588 | Orc:2    | Upgraded the game from 0.23-a0-563-g409694b to
                  | 0.23-a0-565-g3e74e4c
 20819 | Orc:2    | Noticed Urug
 20846 | Orc:2    | Killed Urug
 21527 | Orc:2    | Received a gift from Trog
 21644 | Orc:2    | Found a staircase to the Elven Halls.
 21952 | Orc:2    | Found Deaqyiq's Antique Armour Emporium.
 21952 | Orc:2    | Found Veuwnom's Gadget Boutique.
 21954 | Orc:2    | Found Sonwegu's Magic Scroll Shop.
 21956 | Orc:2    | Found Morchiu's Weapon Shoppe.
 21970 | Orc:2    | Bought a scroll of identify for 28 gold pieces
 21970 | Orc:2    | Bought a scroll of random uselessness for 14 gold pieces
 22067 | D:12     | Found Keoczuf's Food Boutique.
 22067 | D:12     | Noticed Maurice
 22072 | D:12     | Killed Maurice
 22615 | D:12     | Noticed Fannar
 22635 | D:12     | Killed Fannar
 22762 | D:12     | Found Ora Vuxi's Armour Boutique.
 22792 | D:12     | Found Amnom's Armour Boutique.
 22904 | D:12     | Found Zeboti's Assorted Antiques.
 22917 | D:12     | Bought a scroll of identify for 52 gold pieces
 22939 | D:12     | Noticed goofnerd's ghost (journeyman DsBe)
 22954 | D:12     | Found a transporter.
 23005 | D:12     | Found a transporter.
 24203 | D:14     | Found a huge runed gate.
 24203 | D:14     | Found a huge runed gate.
 24203 | D:14     | Found a huge runed gate.
 24203 | D:14     | Found a huge runed gate.
 24224 | D:14     | Noticed Nessos
 24233 | D:14     | Killed Nessos
 24237 | D:14     | Reached skill level 17 in Axes
 24370 | D:14     | Received a gift from Trog
 24730 | D:14     | Found a gate to the Vaults.
 25239 | D:14     | Reached XP level 15. HP: 139/139 MP: 14/14
 25329 | D:15     | Entered Level 15 of the Dungeon
 25358 | D:15     | Noticed Agnes
 25408 | D:14     | Killed Agnes
 25474 | D:14     | Reached skill level 15 in Fighting
 25617 | D:15     | Found a staircase to the Depths.
 25779 | D:15     | Found a runed door.
 26060 | D:15     | Reached skill level 15 in Armour
 26589 | D:15     | Received a gift from Trog
 26736 | D:15     | Upgraded the game from 0.23-a0-565-g3e74e4c to
                  | 0.23-a0-577-g2b1de94
 27127 | Swamp:1  | Entered Level 1 of the Swamp
 27136 | Swamp:1  | Noticed a thorn hunter
 27152 | Swamp:1  | Killed a thorn hunter
 27152 | Swamp:1  | Reached skill level 18 in Axes
 27446 | Swamp:1  | Reached skill level 1 in Throwing
 28294 | Swamp:1  | Noticed a thorn hunter
 28317 | Swamp:1  | Killed a thorn hunter
 29435 | Swamp:2  | Noticed a thorn hunter
 29459 | Swamp:2  | Killed a thorn hunter
 29831 | Swamp:2  | Reached XP level 16. HP: 147/150 MP: 15/15
 30059 | Swamp:3  | Found a runed door.
 30059 | Swamp:3  | Found a shimmering altar of Xom.
 30059 | Swamp:3  | Noticed Violenta's ghost (adept GnFi)
 31262 | Swamp:3  | Found a transporter.
 31263 | Swamp:3  | Found a transporter.
 31277 | Swamp:3  | Found a transporter.
 31306 | Swamp:3  | Found a transporter.
 31324 | Swamp:3  | Found a transporter.
 31689 | Swamp:3  | Received a gift from Trog
 31689 | Swamp:3  | Reached skill level 19 in Axes
 32261 | Swamp:3  | Found a transporter.
 32333 | Swamp:3  | Found a transporter.
 32335 | Swamp:3  | Found a transporter.
 32368 | Swamp:3  | Found a transporter.
 32368 | Swamp:3  | Found a transporter.
 32632 | Swamp:3  | Found a runed door.
 32633 | Swamp:3  | Found a shimmering altar of Xom.
 32835 | Swamp:4  | Entered Level 4 of the Swamp
 32849 | Swamp:4  | Noticed a thorn hunter
 32868 | Swamp:4  | Killed a thorn hunter
 33457 | Swamp:4  | Noticed a thorn hunter
 33457 | Swamp:4  | Noticed a thorn hunter
 33467 | Swamp:4  | Killed a thorn hunter
 33471 | Swamp:4  | Killed a thorn hunter
 34204 | Snake:1  | Entered Level 1 of the Snake Pit
 34215 | Snake:1  | Reached skill level 5 in Throwing
 34340 | Snake:1  | Reached skill level 15 in Dodging
 34677 | Snake:1  | Received a gift from Trog
 35924 | Snake:2  | Received a gift from Trog
 36489 | Snake:3  | Reached XP level 17. HP: 159/159 MP: 16/16
 37149 | Snake:3  | Reached skill level 20 in Axes
 37346 | Snake:3  | Found a deep blue altar of Sif Muna.
 37487 | Snake:3  | Received a gift from Trog
 38457 | Snake:4  | Entered Level 4 of the Snake Pit
 38702 | Snake:4  | HP: 2/160 [naga sharpshooter/arrow (23)]
 38702 | Snake:4  | Killed from afar by a shock serpent

Vault maps used:
D:1:      lightli_arrival_lavapool
D:2:      vehumet_crystals, chequers_ecumenical_altar_simple
D:3:      fedhas_altar_3, portal_sewer_entry_e, first_ration
D:4:      minmay_recursive_quarters, kennysheep_little_box
D:5:      lemuel_doored_altar, serial_shops, kennysheep_mini, uniq_grinder,
          uniq_pikel
D:6:      kennysheep_slug_shrine, elyvilon_altar_4, grunt_temple_overflow_open,
          minmay_temple_entry_glassed_door
D:7:      grunt_livestock
D:8:      minmay_chambers_of_sevens, eat_drink_and_be_merry_uskayaw
D:9:      zin_scriptorium, nicolae_qazlal_style_of_elements, minivault_12
D:10:     minmay_orc_entry_guard_dogs, serial_shops,
          nicolae_shop_overgrown_old_shop
D:11:     cheibrodos_elevator_heist, lair_entry_dummy, uniq_snorg
D:12:     serial_shops, nicolae_shop_waterfront, shop, shop, shop,
          gammafunk_ghost_hive, minivault_22, uniq_maurice, uniq_fannar
D:13:     hangedman_decor_growths
D:14:     lemuel_bear_cage, david_vaults_4, nrook_uturn,
          kennysheep_opposing_triangles, uniq_nessos
D:15:     gammafunk_depths_entry_grave, minmay_st_funbox, uniq_agnes
Lair:1:   basic_altar
Lair:2:   nicolae_swamp_entry_splash_gauntlet, dummy_snake_entry, basic_altar,
          beast_lair_carwin_5
Lair:3:   roderic_batcave, serial_bayou_shore_a, uniq_nergalle
Lair:4:   chequers_serial_rivers_micro_e, minmay_shattered_shrine
Lair:5:   minmay_slime_entry_pillars, guppyfry_lair_drakes, lemuel_fruit_fields,
          minmay_lair_oklob_chamber
Lair:6:   cheibrodos_lair_end_hotspot, serial_bayou_shore_b, uniq_josephine
Swamp:1:  nicolae_swamp_trees_clearing, swamp_pool1
Swamp:2:  evilmike_swamp_ruin_rubble_2, swamp_pool5
Swamp:3:  gammafunk_the_bubble, ebering_ghost_xom, hangedman_swamp_ruin_wall
Swamp:4:  swamp_alternative
Snake:2:  st_stairs_2
Snake:3:  nicolae_cobra_stairs, basic_altar, library_closet
Snake:4:  grunt_snake_rune_pools, serial_bayou_lake_a
Orc:1:    statue_in_the_mist_lemuel, minmay_orc_temple_b
Orc:2:    st_orc_rangers, serial_shops, nicolae_shop_overgrown_old_shop,
          uniq_azrael, uniq_urug
Sewer:    sewer_co_cracked_pipes

Skill      XL: |  1  2  3  4  5  6  7  8  9 10 11 12 13 14 15 16 17 |
---------------+----------------------------------------------------+-----
Fighting       | 4 6 7 8 9 11 12 13 14 15 16 | 16.8
Maces & Flails | 4 |  4.1
Armour         | 3 4 5 6 8 9 10 11 13 14 15 16 | 16.7
Dodging        | 3 4 5 6 7 8 10 11 12 13 14 15 | 15.5
Axes           | 1 2 3 6 8 10 12 14 15 17 18 19 20 | 20.3
Shields        | 4 |  4.0
Throwing       | 3 5 6 |  6.7

Action                   |  1- 3 |  4- 6 |  7- 9 | 10-12 | 13-15 | 16-18 || total
-------------------------+-------+-------+-------+-------+-------+-------++-------
Melee: Mace              |    86 |    56 |    94 |       |       |       ||   236
       Headbutt          |    10 |    39 |    53 |   122 |   354 |   185 ||   763
       Hand axe          |    17 |   124 |    40 |     6 |       |       ||   187
       War axe           |       |       |    85 |   524 |  1286 |   281 ||  2176
       Whip              |       |       |       |    15 |    79 |   402 ||   496
 Fire: Hunting sling     |       |    21 |     6 |       |       |       ||    27
       Hand crossbow     |       |       |       |     2 |       |       ||     2
Throw: Stone             |       |       |    82 |    15 |       |       ||    97
       Tomahawk          |       |       |       |   115 |   252 |   218 ||   585
       Throwing net      |       |       |       |       |     1 |       ||     1
       Javelin           |       |       |       |       |       |     8 ||     8
Invok: Berserk           |       |     2 |     6 |     8 |    19 |    11 ||    46
       Brothers in Arms  |       |       |       |     9 |    17 |     6 ||    32
       Trog's Hand       |       |       |       |       |     1 |     3 ||     4
Evoke: Wand              |       |       |       |       |     7 |       ||     7
  Use: Scroll            |       |     1 |     7 |     5 |     5 |     6 ||    24
       Potion            |       |       |       |       |     1 |     4 ||     5
 Stab: Distracted        |       |     1 |       |       |     2 |     1 ||     4
       Sleeping          |       |       |       |     1 |       |       ||     1
  Eat: Chunk             |     1 |    10 |    11 |    27 |    48 |    10 ||   107
       Ration            |       |       |     2 |     3 |     7 |    10 ||    22
Armor: Ring mail         |     5 |       |    46 |   133 |   344 |   185 ||   713
       Chain mail        |    36 |    94 |    51 |       |       |       ||   181
Dodge: Dodged            |    45 |    89 |   121 |   337 |   849 |   536 ||  1977
Block: Buckler           |       |       |       |    33 |   279 |   154 ||   466

Table legend:
 A = Non-vault XP
 B = Vault XP
 C = Vault XP percentage of total XP
 D = Non-vault monster count
 E = Vault monster count
 F = Vault count percentage of total count
                 A         B        C        D         E       F
            +---------+---------+-------+---------+---------+-------
      Total |  169505 |   75695 |  30.9 |     749 |     281 |  27.3
            +---------+---------+-------+---------+---------+-------
        D:1 |      52 |       0 |   0.0 |      32 |       0 |   0.0
        D:2 |      24 |       0 |   0.0 |      11 |       0 |   0.0
        D:3 |      42 |      58 |  58.0 |      14 |       8 |  36.4
        D:4 |     345 |     684 |  66.5 |      20 |       6 |  23.1
        D:5 |     605 |     272 |  31.0 |      19 |       1 |   5.0
        D:6 |     437 |       4 |   0.9 |      14 |       1 |   6.7
        D:7 |    1091 |     941 |  46.3 |      28 |       5 |  15.2
        D:8 |     905 |    1399 |  60.7 |      22 |      10 |  31.2
        D:9 |    3983 |       0 |   0.0 |      41 |       0 |   0.0
       D:10 |    1900 |     578 |  23.3 |      22 |       4 |  15.4
       D:11 |    5727 |     548 |   8.7 |      41 |       1 |   2.4
       D:12 |    2178 |    1129 |  34.1 |      14 |       2 |  12.5
       D:13 |    5523 |       0 |   0.0 |      31 |       0 |   0.0
       D:14 |    2879 |   11893 |  80.5 |      14 |      31 |  68.9
       D:15 |   12612 |    2978 |  19.1 |      31 |       6 |  16.2
     Lair:1 |    1949 |       0 |   0.0 |       6 |       0 |   0.0
     Lair:2 |    3849 |    2562 |  40.0 |      20 |      12 |  37.5
     Lair:3 |    3438 |     847 |  19.8 |      22 |       9 |  29.0
     Lair:4 |    5785 |    5406 |  48.3 |      20 |      15 |  42.9
     Lair:5 |    4229 |    1597 |  27.4 |      20 |       9 |  31.0
     Lair:6 |   11788 |   10168 |  46.3 |      42 |      33 |  44.0
    Swamp:1 |   21277 |       0 |   0.0 |      41 |       0 |   0.0
    Swamp:2 |   13075 |    1803 |  12.1 |      35 |       3 |   7.9
    Swamp:3 |    7989 |    3263 |  29.0 |      18 |      10 |  35.7
    Swamp:4 |   10525 |    5877 |  35.8 |      15 |       9 |  37.5
    Snake:1 |   12521 |       0 |   0.0 |      24 |       0 |   0.0
    Snake:2 |    8385 |    1102 |  11.6 |      16 |       2 |  11.1
    Snake:3 |   17968 |   14600 |  44.8 |      38 |      17 |  30.9
    Snake:4 |    2303 |       0 |   0.0 |       4 |       0 |   0.0
      Orc:1 |    4469 |    1247 |  21.8 |      50 |      23 |  31.5
      Orc:2 |    1652 |    6638 |  80.1 |      24 |      39 |  61.9
      Sewer |       0 |     101 | 100.0 |       0 |      25 | 100.0
            +---------+---------+-------+---------+---------+-------
